 Dungeon Crawl Stone Soup version 0.23.2-33-g5129a83184 (webtiles) character file.

Game seed: 12044914518693470520

452 troglodite the Charmwright (level 7, -1/56 HPs)
             Began as a Gnoll Skald on July 8, 2019.
             Slain by a thrashing horror (7 damage)
             ... on level 1 of the Abyss.
             The game lasted 00:22:24 (4854 turns).

troglodite the Charmwright (Gnoll Skald)            Turns: 4854, Time: 00:22:24

Health: -1/56      AC:  7    Str: 13    XL:     7   Next: 5%
Magic:  13/15      EV: 10    Int: 18    God:
Gold:   251        SH:  8    Dex: 14    Spells: 9/16 levels left

rFire    . . .     SeeInvis .   m - +0 trident
rCold    . . .     Gourm    .   q - +0 shield
rNeg     . . .     Faith    .   c - +0 ring mail
rPois    .         Spirit   .   i - +1 helmet
rElec    .         Reflect  .   (no cloak)
rCorr    .         Harm     .   (no gloves)
MR       .....                  (no boots)
Stlth    +.........             (no amulet)
HPRegen  0.18/turn              (no ring)
MPRegen  0.14/turn              (no ring)

@: no status effects
A: distributed training, fangs 1, strong nose
a: no special abilities


You were on level 1 of the Abyss.
You were not hungry.

You visited 1 branch of the dungeon, and saw 4 of its levels.
You visited the Abyss 1 time.
You also visited: Sewer.

You collected 251 gold pieces.

Inventory:

Hand Weapons
 m - a +0 trident (weapon)
Armour
 c - a +0 ring mail (worn)
 i - a +1 helmet (worn)
 q - a +0 shield (worn)
Scrolls
 a - a scroll of remove curse
 j - 4 scrolls of teleportation
 k - 2 scrolls of fear
 p - 2 scrolls of random uselessness {unknown}
Potions
 b - a potion of degeneration {unknown}
 e - 9 potions of curing
 f - 2 potions of might
 l - a potion of flight
 n - 3 potions of heal wounds
 o - 6 potions of brilliance
Comestibles
 d - 4 rations


   Skills:
 + Level 5.1 Fighting
 + Level 2.2 Short Blades
 + Level 2.2 Long Blades
 + Level 2.2 Axes
 + Level 2.2 Maces & Flails
 + Level 5.1 Polearms
 + Level 2.2 Staves
 + Level 2.2 Slings
 + Level 2.2 Bows
 + Level 2.2 Crossbows
 + Level 2.2 Throwing
 + Level 3.4 Armour
 + Level 5.1 Dodging
 + Level 2.2 Stealth
 + Level 2.2 Shields
 + Level 2.2 Unarmed Combat
 + Level 5.4 Spellcasting
 + Level 1.7 Conjurations
 + Level 1.7 Hexes
 + Level 5.7 Charms
 + Level 1.7 Summonings
 + Level 1.7 Necromancy
 + Level 1.7 Translocations
 + Level 1.7 Transmutations
 + Level 1.7 Fire Magic
 + Level 1.7 Ice Magic
 + Level 1.7 Air Magic
 + Level 1.7 Earth Magic
 + Level 1.7 Poison Magic
 + Level 2.4 Invocations
 + Level 2.2 Evocations


You had 9 spell levels left.
You knew the following spells:

 Your Spells              Type           Power        Failure   Level  Hunger
a - Infusion              Chrm           ####         13%         1    None
b - Spectral Weapon       Hex/Chrm       ###.....     65%         3    ##.....
c - Regeneration          Chrm/Necr      ###.......   65%         3    ##.....

Your spell library contained the following spells:

 Spells                   Type           Power        Failure   Level  Hunger
 Song of Slaying          Chrm           ####....     21%         2    #......
 Shroud of Golubria       Chrm/Tloc      ###.......   41%         2    #......


Dungeon Overview and Level Annotations

Branches:
Dungeon (4/15)
 Temple: D:4-7

Altars:
Cheibriados
Gozag
Sif Muna
Vehumet


Innate Abilities, Weirdness & Mutations

Your experience applies equally to all skills.
You have very sharp teeth.
Your uncanny sense of smell can sniff out nearby items.


Message History

The thrashing horror roars!
Found a corrupted altar of Lugonu.
You see here 56 gold pieces.
The thrashing horror closely misses your spectral weapon. x2
The thrashing horror completely misses your spectral weapon.
The thrashing horror closely misses your spectral weapon.
Found a gateway leading deeper into the Abyss.
The thrashing horror misses your spectral weapon.
The thrashing horror tramples your spectral weapon.
Your spectral weapon shares its damage with you!
Your spectral weapon is shoved backwards!
Your spectral weapon fades away.
* * * LOW HITPOINT WARNING * * *
The thrashing horror roars!
The thrashing horror barely misses you. x2
There is a gateway leading deeper into the Abyss here.
You can't go up here!
The thrashing horror roars!
The thrashing horror tramples you!
You die...

.......# .......# # ∆
.....#.# . . .......#. #
. .. ##...#...## # .
...#....###..# ## .# #.#
..._......#..#..#. # .#
.......@.##X.....# ..#
##.....X##...##≈..#...).
##.#...X.Y.#. .≈......#
..#....#.#.#.#.≈.#.... .
#.##..#...#.##........
..##.#..#.#.∆. ≈..##...
##.#.#..###....#........
...# ... .$. . .≈##....
#.# ...# . .#.≈≈..... .


You could see a thrashing horror and a large abomination.

Vanquished Creatures
  2 big kobolds (Sewer)
  A bullfrog (D:3)
  A jelly (D:3)
  6 adders
  4 river rats
  An ooze (Sewer)
  5 worms
  2 dart slugs (D:3)
  4 leopard geckos
  4 orcs
  6 ball pythons
  5 bats
  5 giant cockroaches
  8 hobgoblins
  3 jackals (D:3)
  20 kobolds
  A quokka (D:3)
  6 frilled lizards
  8 goblins
  29 rats
121 creatures vanquished.

Vanquished Creatures (others)
  2 spectral weapons
2 creatures vanquished.

Grand Total: 123 creatures vanquished

Notes
Turn   | Place    | Note
-------+----------+-------------------------------------------
     0 | D:1      | troglodite the Gnoll Skald began the quest for the Orb.
     0 | D:1      | Reached XP level 1. HP: 20/20 MP: 6/6
   248 | D:1      | Reached XP level 2. HP: 12/26 MP: 7/7
  1402 | D:2      | Reached XP level 3. HP: 30/31 MP: 9/9
  1407 | D:2      | Learned a level 3 spell: Spectral Weapon
  1411 | D:2      | Learned a level 3 spell: Regeneration
  1488 | D:2      | Reached skill level 5 in Spellcasting
  1547 | D:2      | Found a deep blue altar of Sif Muna.
  1883 | D:2      | Reached skill level 1 in Invocations
  2220 | D:3      | Reached skill level 1 in Short Blades
  2220 | D:3      | Reached skill level 1 in Long Blades
  2220 | D:3      | Reached skill level 1 in Axes
  2220 | D:3      | Reached skill level 1 in Maces & Flails
  2220 | D:3      | Reached skill level 1 in Staves
  2220 | D:3      | Reached skill level 1 in Slings
  2220 | D:3      | Reached skill level 1 in Bows
  2220 | D:3      | Reached skill level 1 in Crossbows
  2220 | D:3      | Reached skill level 1 in Throwing
  2220 | D:3      | Reached skill level 1 in Stealth
  2220 | D:3      | Reached skill level 1 in Shields
  2220 | D:3      | Reached skill level 1 in Unarmed Combat
  2220 | D:3      | Reached skill level 1 in Evocations
  2232 | D:3      | Found a snail-covered altar of Cheibriados.
  2237 | D:3      | Reached XP level 4. HP: 32/38 MP: 11/11
  2397 | D:3      | Found a glowing drain.
  2448 | Sewer    | Entered a sewer
  2723 | Sewer    | Reached skill level 1 in Conjurations
  2723 | Sewer    | Reached skill level 1 in Hexes
  2723 | Sewer    | Reached skill level 1 in Summonings
  2723 | Sewer    | Reached skill level 1 in Necromancy
  2723 | Sewer    | Reached skill level 1 in Translocations
  2723 | Sewer    | Reached skill level 1 in Transmutations
  2723 | Sewer    | Reached skill level 1 in Fire Magic
  2723 | Sewer    | Reached skill level 1 in Ice Magic
  2723 | Sewer    | Reached skill level 1 in Air Magic
  2723 | Sewer    | Reached skill level 1 in Earth Magic
  2723 | Sewer    | Reached skill level 1 in Poison Magic
  2743 | Sewer    | Noticed a big kobold
  2755 | Sewer    | Killed a big kobold
  2755 | Sewer    | Reached XP level 5. HP: 34/43 MP: 12/12
  3183 | Sewer    | Noticed a big kobold
  3194 | Sewer    | Killed a big kobold
  3194 | Sewer    | Reached XP level 6. HP: 50/50 MP: 11/14
  3575 | D:3      | Reached skill level 5 in Fighting
  3575 | D:3      | Reached skill level 5 in Polearms
  3575 | D:3      | Reached skill level 5 in Dodging
  3701 | D:3      | Found an opulent altar of Gozag.
  4166 | D:3      | Found a radiant altar of Vehumet.
  4493 | D:3      | Reached XP level 7. HP: 16/56 MP: 15/15
  4802 | D:3      | Cast into level 1 of the Abyss (orc)
  4829 | Abyss:1  | Noticed a wind drake
  4829 | Abyss:1  | a shapeshifter changed into a wind drake
  4840 | Abyss:1  | Noticed a thrashing horror
  4844 | Abyss:1  | Noticed an elephant
  4844 | Abyss:1  | a wind drake changed into an elephant
  4846 | Abyss:1  | Noticed a large abomination
  4849 | Abyss:1  | Found a corrupted altar of Lugonu.
  4854 | Abyss:1  | Slain by a thrashing horror

Skill      XL: |  1  2  3  4  5  6 |
---------------+-------------------+-----
Spellcasting   | 5 |  5.4
Invocations    | 1 2 |  2.4
Short Blades   | 1 2 |  2.2
Long Blades    | 1 2 |  2.2
Axes           | 1 2 |  2.2
Maces & Flails | 1 2 |  2.2
Staves         | 1 2 |  2.2
Slings         | 1 2 |  2.2
Bows           | 1 2 |  2.2
Crossbows      | 1 2 |  2.2
Throwing       | 1 2 |  2.2
Stealth        | 1 2 |  2.2
Shields        | 1 2 |  2.2
Unarmed Combat | 1 2 |  2.2
Evocations     | 1 2 |  2.2
Conjurations   | 1 |  1.7
Hexes          | 1 |  1.7
Summonings     | 1 |  1.7
Necromancy     | 1 |  1.7
Translocations | 1 |  1.7
Transmutations | 1 |  1.7
Fire Magic     | 1 |  1.7
Ice Magic      | 1 |  1.7
Air Magic      | 1 |  1.7
Earth Magic    | 1 |  1.7
Poison Magic   | 1 |  1.7
Armour         | 3 |  3.4
Fighting       | 5 |  5.1
Polearms       | 5 |  5.1
Dodging        | 5 |  5.1
Charms         | |  5.7

Action                   |  1- 3 |  4- 6 |  7- 9 || total
-------------------------+-------+-------+-------++-------
Melee: Spear             |    83 |       |       ||    83
       Bite              |    13 |    17 |     4 ||    34
       Trident           |    78 |   242 |    15 ||   335
 Cast: Spectral Weapon   |       |     8 |     1 ||     9
       Regeneration      |       |     1 |       ||     1
  Use: Scroll            |       |    10 |       ||    10
 Stab: Distracted        |       |     1 |       ||     1
  Eat: Chunk             |     4 |     7 |       ||    11
       Ration            |       |       |     1 ||     1
Armor: Ring mail         |    48 |    74 |     4 ||   126
Dodge: Dodged            |   130 |   160 |     7 ||   297
Block: Shield            |       |    23 |     6 ||    29
